 Dungeon Crawl Stone Soup version 0.26.1-2-gb8aa6d0cf2 (webtiles) character file.

Game seed: 14783509734064658461

1377 Gadfly the Unbeliever (level 8, -3/78 HPs)
             Began as an Ogre Monk on Feb 11, 2021.
             Slain by an ogre
             ... wielding a +0 giant club
              (20 damage)
             ... on level 5 of the Dungeon.
             The game lasted 00:08:51 (7390 turns).

Gadfly the Unbeliever (Ogre Monk)                   Turns: 7390, Time: 00:08:52

Health: -3/78      AC:  0    Str: 18    XL:     8   Next: 66%
Magic:  11/11      EV: 10    Int: 11    God:
Gold:   374        SH:  0    Dex: 11    Spells: 7/7 levels left

rFire    . . .     SeeInvis .   a - +2 whip (elec)
rCold    . . .     Faith    .   (no shield)
rNeg     . . .     Spirit   .   n - +1 robe
rPois    .         Reflect  .   (helmet restricted)
rElec    .         Harm     .   (no cloak)
rCorr    .         Rampage  .   (gloves unavailable)
Will     .....                  (boots unavailable)
Stlth    ++........             (no amulet)
HPRegen  0.23/turn              (no ring)
MPRegen  0.12/turn              (no ring)

@: corroded
A: large, unfitting armour, tough skin 1
a: no special abilities


You were on level 5 of the Dungeon.
You visited 1 branch of the dungeon, and saw 6 of its levels.
You also visited: Sewer.

You collected 374 gold pieces.

Inventory:

Hand Weapons
 a - a +2 whip of electrocution (weapon)
 b - a +1 halberd of venom
Missiles
 i - 6 boomerangs (quivered)
Armour
 n - a +1 robe (worn)
Wands
 l - a wand of digging (3)
Scrolls
 g - 2 scrolls of teleportation
 o - a scroll of remove curse
Potions
 d - a potion of lignification
 f - 2 potions of curing
 h - 2 potions of might
 j - a potion of attraction
 k - a potion of haste
 m - a potion of heal wounds


   Skills:
 - Level 4.0 Fighting
 + Level 4.1 Maces & Flails
 * Level 4.6 Throwing
 * Level 3.8 Armour
 - Level 2.6 Dodging
 - Level 1.4 Stealth
 * Level 5.0 Invocations
 * Level 3.9 Evocations


You had 7 spell levels left.
You didn't know any spells.
Your spell library was empty.

Dungeon Overview and Level Annotations

Branches:
Dungeon (6/15)             Temple (0/1) D:6           Sewer (visited)

Altars:
Dithmenos
Elyvilon
Makhleb
Nemelex Xobeh
Trog

Portals:
Ossuary: D:6


Innate Abilities, Weirdness & Mutations

You are too large for most types of armour.
You have tough skin. (AC +1)


Message History

* * * LOW HITPOINT WARNING * * *
The orc misses you. The quokka bites you.
* * * LOW HITPOINT WARNING * * *
Unknown command.
You feel much better. The ogre barely misses you. The quokka bites you.
The orc completely misses you.
You hit the quokka but do no damage.
The quokka is almost dead.
The quokka misses you. The orc hits you. The ogre barely misses you.
You whack the quokka! Lightning courses through the quokka!
You kill the quokka!
The orc barely misses you.
You hit the ogre.
The ogre is moderately wounded.
The ogre hits you with a +0 giant club!
* * * LOW HITPOINT WARNING * * *
You hit the ogre but do no damage.
The ogre is moderately wounded.
The ogre hits you with a +0 giant club!!
You die...

######### #.......#
#.#####.#
#.#####.#########
#.##....##......#
#.##.##.##.####.#
#J##.##.##.####.####
#oO@................
####.#####.####.####
#.# #.####.# #.#
#......# #.#
######### #.#
#......# ####.####
#<.....# #.......#
#......# #.##.##.#
#......#


You could see an ogre, a jelly and an orc.

Vanquished Creatures
  Pikel (D:4)
  Sigmund (D:5)
  An ogre (D:4)
  Purgy (Sewer)
  A necrophage (D:5)
  2 lemures
  3 hounds (D:4)
  An orc wizard (D:5)
  2 centaur skeletons (D:4)
  3 iguanas
  2 worker ants
  A mummy (D:6)
  2 gnolls (D:6)
  7 adders
  An adder skeleton (D:5)
  4 worms
  3 dart slugs (D:1)
  2 orcs (D:4)
  6 bats
  3 giant cockroaches
  7 goblins
  9 hobgoblins
  5 jackals
  7 kobolds
  4 quokkas
  4 ball pythons
  8 frilled lizards
  A hobgoblin zombie (D:6)
  A leopard gecko skeleton (D:4)
  13 rats
106 creatures vanquished.

Notes
Turn   | Place    | Note
-------+----------+-------------------------------------------
     0 | D:1      | Gadfly the Ogre Monk began the quest for the Orb.
     0 | D:1      | Reached XP level 1. HP: 24/24 MP: 1/1
   130 | D:1      | Reached XP level 2. HP: 32/32 MP: 2/2
   331 | D:1      | Reached skill level 1 in Throwing
   379 | D:1      | Reached skill level 1 in Invocations
   541 | D:1      | Reached XP level 3. HP: 37/39 MP: 3/3
   686 | D:1      | Reached skill level 1 in Evocations
  1003 | D:2      | Reached skill level 1 in Armour
  1573 | D:2      | Reached XP level 4. HP: 46/48 MP: 5/5
  2318 | D:3      | Found a glowing drain.
  2360 | Sewer    | Entered a sewer
  2548 | Sewer    | Noticed Purgy
  2565 | Sewer    | Killed Purgy
  2566 | Sewer    | Reached skill level 2 in Invocations
  2566 | Sewer    | Reached XP level 5. HP: 52/54 MP: 6/6
  3088 | D:3      | Found a bloodstained altar of Trog.
  3558 | D:4      | Found a sparkling altar of Nemelex Xobeh.
  3567 | D:4      | Reached XP level 6. HP: 43/62 MP: 7/7
  3814 | D:4      | Found a burning altar of Makhleb.
  3929 | D:4      | Found a white marble altar of Elyvilon.
  4107 | D:4      | Noticed Pikel
  4572 | D:4      | Killed Pikel
  4573 | D:4      | Reached skill level 4 in Invocations
  4573 | D:4      | Reached XP level 7. HP: 10/70 MP: 8/10
  5082 | D:4      | Reached XP level 8. HP: 72/78 MP: 11/11
  5469 | D:5      | Entered Level 5 of the Dungeon
  5571 | D:5      | Noticed Sigmund
  5615 | D:5      | Found a shadowy altar of Dithmenos.
  5902 | D:5      | Killed Sigmund
  6912 | D:6      | Reached skill level 5 in Invocations
  6914 | D:6      | Found a sand-covered staircase.
  6984 | D:6      | HP: 1/78 [gnoll sergeant/+0 trident (12)]
  7390 | D:5      | Slain by an ogre

Illustrated notes

Levels and vault maps discovered:
D:1:      eino_arrival_water_star, layout_basic
D:2:      layout_loops_ring
D:3:      layout_loops_ring, portal_sewer_entry_a, trog_book
D:4:      layout_cave_pods, nemelex_xobeh_ov_fountains_minmay,
          lemuel_round_altar, makhleb_heckhound_becter, uniq_pikel
D:5:      layout_loops_cross, lemuel_crystal_altar,
          chequers_serial_rivers_small_b, uniq_sigmund
D:6:      layout_loops_ring, nicolae_ru_awakened_eye,
          minmay_temple_entry_overgrown, nicolae_ossuary_entry_giza,
          hangedman_glass_teeth, dk_noncrumbling_4

Skill      XL: |  1  2  3  4  5  6  7  8 |
---------------+-------------------------+-----
Throwing       | 1 2 3 4 |  4.6
Invocations    | 1 2 4 5 |  5.0
Evocations     | 1 2 3 |  3.9
Armour         | 1 3 |  3.8
Maces & Flails | 3 4 |  4.1
Fighting       | |  4.0
Dodging        | |  2.6
Stealth        | |  1.4

Action                   |  1- 3 |  4- 6 |  7- 9 || total
-------------------------+-------+-------+-------++-------
Melee: Mace              |   112 |   119 |       ||   231
       Halberd           |       |    17 |       ||    17
       Whip              |       |       |   109 ||   109
Throw: Stone             |     1 |       |       ||     1
       Boomerang         |    19 |    14 |     7 ||    40
  Use: Scroll            |     4 |    10 |     3 ||    17
       Potion            |       |     3 |     1 ||     4
 Stab: Sleeping          |     2 |     3 |       ||     5
Armor: Robe              |    25 |    27 |    17 ||    69
       Skin              |       |    43 |       ||    43
Dodge: Dodged            |    69 |    74 |    49 ||   192
